 Dungeon Crawl Stone Soup version 0.31-a0-229-g1fc7ce93e2 (webtiles) character file.

Game seed: 8787527681317007766

87 qw the Shooter (level 4, -4/26 HPs)
             Began as a Gargoyle Hexslinger on July 6, 2023.
             Slain by a goblin
             ... wielding a +0 club
             ... led by Robin
              (6 damage)
             ... on level 2 of the Dungeon.
             The game lasted 00:00:33 (1090 turns).

qw the Shooter (Gargoyle Hexslinger)                Turns: 1090, Time: 00:00:33

Health: -4/26      AC:  8    Str: 12    XL:     4   Next: 51%
Magic:  5/5        EV:  7    Int: 13    God:
Gold:   96         SH:  0    Dex: 14    Spells: 4/5 levels left

rFire   . . .        Y - +1 sling
rCold   . . .        (no shield)
rNeg    + . .        d - +0 ring mail
rPois   inf          (no helmet)
rElec   +            (no cloak)
rCorr   .            (no gloves)
SInv    .            (no boots)
Will    .....        (no amulet)
Stlth   +            (no ring)
HPRegen 0.24/turn    (no ring)
MPRegen 0.09/turn

%: no passive effects
@: constricted
A: sickness immunity, AC +3, negative energy resistance 1, electricity
resistance, torment resistance 1, petrification resistance
a: no special abilities


You were on level 2 of the Dungeon.
You visited 1 branch of the dungeon, and saw 2 of its levels.

You collected 96 gold pieces.


Innate Abilities, Weirdness & Mutations

You are immune to sickness and miasma.
Your stone body is resilient. (AC +3)
You are immune to poison.
You resist negative energy. (rN+)
You are resistant to electric shocks. (rElec)
You are resistant to unholy torment.
You are immune to petrification.


   Skills:
 - Level 2.0 Fighting
 + Level 4.1 Ranged Weapons
 - Level 1.1 Armour
 - Level 1.5 Dodging
 - Level 1.0 Spellcasting
 - Level 2.6 Hexes


You had 4 spell levels left.
You knew the following spells:

 Your Spells              Type           Power      Damage    Failure   Level
a - Slow                  Hex            28%        N/A       22%         1

Your spell library contained the following spells:

 Spells                   Type           Power      Damage    Failure   Level
 Inner Flame              Hex/Fire       4%         N/A       73%         3
 Portal Projectile        Hex/Tloc       8%         N/A       73%         3
 Cause Fear               Hex            3%         N/A       91%         4

Inventory:

Hand Weapons
 Y - a +1 sling (weapon)
Armour
 d - a +0 ring mail (worn)
Scrolls
 b - a scroll of identify
Potions
 a - a potion of curing {unknown}
 f - a potion of berserk rage {unknown}
 g - a potion of mutation {unknown}
 i - a potion of enlightenment {unknown}

Dungeon Overview and Level Annotations

Branches:
Dungeon (2/15)

Altars:

Annotations:
D:2 Robin


Message History

The goblin shoots a sling bullet.
The sling bullet closely misses you.
The goblin shoots a sling bullet.
The sling bullet hits you but does no damage.
You shoot a sling bullet. The sling bullet hits the hobgoblin.
The hobgoblin is heavily wounded.
A ball python comes into view.
Robin hits you from afar with a +0 spear.
The hobgoblin closely misses you.
You shoot a sling bullet. The sling bullet hits the hobgoblin.
You kill the hobgoblin!
The goblin no longer looks unusually strong.
A ball python comes into view.
Robin throws the goblin at you!
The goblin unwields a +0 sling.
The goblin wields a +0 club.
The goblin hits you but does no damage.
You shoot a sling bullet.
The sling bullet closely misses the goblin.
The ball python hisses angrily.
Robin flexes a bicep menacingly.
Robin roars a battlecry!
The goblin goes into a battle-frenzy!
The goblin shoots a sling bullet.
The sling bullet hits you but does no damage.
The goblin hits you but does no damage.
Robin hits you from afar with a +0 spear.
You shoot a sling bullet. The sling bullet hits the goblin.
You kill the goblin!
The goblin hits you but does no damage.
Robin hits you from afar with a +0 spear.
The goblin barely misses you.
You shoot a sling bullet. The sling bullet hits the goblin.
The goblin is heavily wounded.
Robin closely misses you. The goblin hits you but does no damage.
The ball python closely misses you. x2
You shoot a sling bullet.
The sling bullet barely misses the goblin.
Robin hits you but does no damage.
The ball python bites you but does no damage.
The ball python grabs you. The ball python constricts you.
The goblin hits you with a +0 club.
You die...

#.#####.###..# #.# #. #.#
#......###.####. ######.#
#.##.#..........
#......#####.##.#.###.#####
#...............#.# #......
#......##%...#..#.# #######
#########....#.....
#)g..+..#.. ##@..####..
#)SS# #### .)g...# ..)....#
.......)# .........#
........... ...........#.


You could see Robin, a goblin (strong) and 2 ball pythons.

Vanquished Creatures
  4 adders (D:2)
  3 ball pythons (D:1)
  3 endoplasms
  8 goblins
  9 hobgoblins
  2 jackals (D:1)
  3 bats
  5 frilled lizards (D:1)
  5 kobolds
  5 rats
47 creatures vanquished.

Notes
Turn   | Place    | Note
-------+----------+-------------------------------------------
     0 | D:1      | qw the Gargoyle Hexslinger began the quest for the Orb.
     0 | D:1      | Reached XP level 1. HP: 12/12 MP: 2/2
     0 | D:1      | 0 ||| qw: Version: 0.3-a-46-gb1f654a
     0 | D:1      | 0 ||| qw: Game counter: 1216
     0 | D:1      | 0 ||| qw: Melee chars always use a shield: true
     0 | D:1      | 0 ||| qw: God list: Okawaru
     0 | D:1      | 0 ||| qw: Allow faded altars: false
     0 | D:1      | 0 ||| qw: Do Orc after clearing Dungeon:15 true
     0 | D:1      | 0 ||| qw: Do second Lair branch before Depths: true
     0 | D:1      | 0 ||| qw: Lair rune preference: random
     0 | D:1      | 0 ||| qw: Goals: Normal
     0 | D:1      | 0 ||| PLANNING D:1-11
    57 | D:1      | HP: 3/12 [jackal (2)]
    58 | D:1      | HP: 1/12 [constriction (1)]
    60 | D:1      | Reached XP level 2. HP: 2/16 MP: 3/3
    70 | D:1      | 70 ||| FLEEEEING.
   170 | D:1      | Reached skill level 3 in Ranged Weapons
   463 | D:1      | Reached XP level 3. HP: 21/21 MP: 4/4
   715 | D:1      | 715 ||| UPGRADING to +0 ring mail.
   725 | D:1      | 725 ||| DROPPING +0 robe.
   726 | D:1      | 726 ||| READING scroll labelled EKLOK WUKUIG.
   727 | D:1      | 727 ||| READING scroll labelled YNEZ KEOFUROB.
   728 | D:1      | 728 ||| DROPPING scroll of poison.
  1038 | D:2      | Reached XP level 4. HP: 26/26 MP: 5/5
  1061 | D:2      | Reached skill level 4 in Ranged Weapons
  1063 | D:2      | Noticed Robin
  1082 | D:2      | Reached skill level 1 in Armour
  1085 | D:2      | HP: 6/26 [Robin/+0 spear (1)]
  1088 | D:2      | HP: 1/26 [Robin/+0 spear (2)]
  1090 | D:2      | Slain by a goblin

Levels and vault maps discovered:
D:1:      dpeg_arrival_morbid_curiosity, layout_basic
D:2:      layout_basic, minmay_liquid_box, ebering_dispersal_statue_hall,
          minmay_shallow_snake_nest, uniq_robin

Skill      XL: |  1  2  3  4 |
---------------+-------------+-----
Ranged Weapons | 3 4 |  4.1
Fighting       | 2 |  2.0
Armour         | 1 |  1.1
Dodging        | |  1.5
Spellcasting   | |  1.0
Hexes          | |  2.6

Action                     |  1- 3 |  4- 6 || total
---------------------------+-------+-------++-------
   Fire: Sling             |   102 |    47 ||   149
    Use: Scroll            |     2 |       ||     2
 Armour: Robe              |     9 |       ||     9
         Ring mail         |    18 |    39 ||    57
  Dodge: Dodged            |    47 |    39 ||    86

Table legend:
 A = Non-vault XP
 B = Vault XP
 C = Vault XP percentage of total XP
 D = Non-vault monster count
 E = Vault monster count
 F = Vault count percentage of total count
                 A         B        C        D         E       F
            +---------+---------+-------+---------+---------+-------
      Total |      89 |      36 |  28.8 |      34 |      13 |  27.7
            +---------+---------+-------+---------+---------+-------
        D:1 |      28 |       9 |  24.3 |      20 |       5 |  20.0
        D:2 |      61 |      27 |  30.7 |      14 |       8 |  36.4
            +---------+---------+-------+---------+---------+-------
